 Dungeon Crawl Stone Soup version 0.26.1-11-gd32895ea62 (webtiles) character file.

Game seed: 13648965264899805940

52 Elvor the Grasshopper (level 3, 0/31 HPs)
             Began as a Gnoll Warper on July 2, 2021.
             Engulfed by a cloud of flame (11 damage)
             ... on level 2 of the Dungeon.
             The game lasted 00:08:02 (972 turns).

Elvor the Grasshopper (Gnoll Warper)                 Turns: 972, Time: 00:08:02

Health: 0/31       AC:  7    Str: 14    XL:     3   Next: 85%
Magic:  9/9        EV: 13    Int: 15    God:
Gold:   53         SH:  4    Dex: 14    Spells: 10/12 levels left

rFire    + . .     SeeInvis .   a - +0 mace
rCold    . . .     Faith    .   p - +0 buckler
rNeg     . . .     Spirit   .   b - +0 leather armour
rPois    .         Reflect  .   k - +2 helmet
rElec    .         Harm     .   r - +0 cloak
rCorr    .         Rampage  .   (no gloves)
Will     .....                  (no boots)
Stlth    +.........             (no amulet)
HPRegen  0.10/turn              n - ring of protection from fire
MPRegen  0.11/turn              (no ring)

@: no status effects
A: distributed training, fangs 1, strong nose
a: no special abilities


You were on level 2 of the Dungeon.
You visited 1 branch of the dungeon, and saw 2 of its levels.

You collected 53 gold pieces.

Inventory:

Hand Weapons
 a - a +0 mace (weapon)
Missiles
 e - 5 boomerangs of dispersal
 i - 36 stones (quivered)
Armour
 b - a +0 leather armour (worn)
 k - a +2 helmet (worn)
 p - a +0 buckler (worn)
 r - a +0 cloak (worn)
Jewellery
 n - a ring of protection from fire (left hand)
 s - an uncursed amulet of the acrobat {unknown}
Scrolls
 c - a scroll of immolation {unknown}
 d - a scroll of blinking
 f - a scroll of fog {unknown}
 g - a scroll of teleportation {unknown}
 h - 2 scrolls of identify {unknown}
 l - a scroll of magic mapping {unknown}
Potions
 j - a potion of berserk rage {unknown}
 m - a potion of flight {unknown}
 o - a potion of curing {unknown}
 q - 2 potions of resistance {unknown}


   Skills:
 + Level 4.6 Fighting
 + Level 1.0 Short Blades
 + Level 1.0 Long Blades
 + Level 1.0 Axes
 + Level 4.6 Maces & Flails
 + Level 1.0 Polearms
 + Level 1.0 Staves
 + Level 1.0 Slings
 + Level 1.0 Bows
 + Level 1.0 Crossbows
 + Level 2.6 Throwing
 + Level 2.6 Armour
 + Level 4.6 Dodging
 + Level 1.0 Stealth
 + Level 1.0 Shields
 + Level 1.0 Unarmed Combat
 + Level 5.0 Spellcasting
 + Level 0.7 Conjurations
 + Level 0.7 Hexes
 + Level 0.7 Summonings
 + Level 0.7 Necromancy
 + Level 5.4 Translocations
 + Level 0.7 Transmutations
 + Level 0.7 Fire Magic
 + Level 0.7 Ice Magic
 + Level 0.7 Air Magic
 + Level 0.7 Earth Magic
 + Level 0.7 Poison Magic
 + Level 1.0 Invocations
 + Level 1.0 Evocations


You had 10 spell levels left.
You knew the following spells:

 Your Spells              Type           Power        Failure   Level
a - Blink                 Tloc           N/A          4%          2

Your spell library contained the following spells:

 Spells                   Type           Power        Failure   Level
 Gell's Gravitas          Tloc           10%          10%         3
 Lesser Beckoning         Tloc           10%          10%         3
 Teleport Other           Tloc           20%          10%         3
 Passage of Golubria      Tloc           N/A          32%         4


Dungeon Overview and Level Annotations

Branches:
Dungeon (2/15)

Altars:
Vehumet


Innate Abilities, Weirdness & Mutations

Your experience applies equally to all skills.
You have very sharp teeth.
Your uncanny sense of smell can sniff out nearby items.


Message History

You hit the worm.
You kill the worm!
Your Short Blades skill increases to level 1!
Your Long Blades skill increases to level 1!
Your Axes skill increases to level 1!
Your Polearms skill increases to level 1!
Your Staves skill increases to level 1!
Your Slings skill increases to level 1!
Your Bows skill increases to level 1!
Your Crossbows skill increases to level 1!
Your Stealth skill increases to level 1!
Your Shields skill increases to level 1!
Your Unarmed Combat skill increases to level 1!
Your Evocations skill increases to level 1!
You see here a worm corpse.
Really walk into a travel-excluded area?
You are engulfed in blazing flames.
You resist.
You see here a thick ruby amulet.
s - a thick ruby amulet You are engulfed in blazing flames.
You resist.
You die...

.# #.# .# .# #.# ##
.# .#####.## #. #
........###.# ## .#
.###.......# . .#
.####.....## .##.##
.......#.## ##....#
..###>.#..## ##.....#
#.# #......###..@☼☼.#
#.# ##.#.##.#.#..§○.#
#.# #.#.###.##.§.°.#
#.####.#.....†.○§...#
#......###########.##
#####......# ...
#..##..# ##.# #..#
..# .# #..# ..#


There were no monsters in sight!

Vanquished Creatures
  2 worms (D:2)
  5 dart slugs (D:1)
  3 leopard geckos
  2 giant cockroaches (D:1)
  4 hobgoblins
  5 bats (D:1)
  2 frilled lizards (D:1)
  3 goblins (D:1)
  6 kobolds (D:1)
  A rat (D:1)
33 creatures vanquished.

Notes
Turn   | Place    | Note
-------+----------+-------------------------------------------
     0 | D:1      | Elvor the Gnoll Warper began the quest for the Orb.
     0 | D:1      | Reached XP level 1. HP: 20/20 MP: 6/6
   118 | D:1      | Reached XP level 2. HP: 26/26 MP: 7/7
   121 | D:1      | Learned a level 2 spell: Blink
   392 | D:1      | Reached XP level 3. HP: 31/31 MP: 9/9
   406 | D:1      | Reached skill level 5 in Spellcasting
   506 | D:1      | Reached skill level 1 in Invocations
   936 | D:2      | Found a radiant altar of Vehumet.
   966 | D:2      | Reached skill level 1 in Short Blades
   966 | D:2      | Reached skill level 1 in Long Blades
   966 | D:2      | Reached skill level 1 in Axes
   966 | D:2      | Reached skill level 1 in Polearms
   966 | D:2      | Reached skill level 1 in Staves
   966 | D:2      | Reached skill level 1 in Slings
   966 | D:2      | Reached skill level 1 in Bows
   966 | D:2      | Reached skill level 1 in Crossbows
   966 | D:2      | Reached skill level 1 in Stealth
   966 | D:2      | Reached skill level 1 in Shields
   966 | D:2      | Reached skill level 1 in Unarmed Combat
   966 | D:2      | Reached skill level 1 in Evocations
   972 | D:2      | Engulfed by a cloud of flame

Illustrated notes

Levels and vault maps discovered:
D:1:      amcnicky_arrival_choice, layout_loops_ring
D:2:      layout_loops_corners, kennysheep_vampire_church,
          nicolae_overflow_crystal_walls, fiery_altar_vehumet, uniq_natasha

Skill      XL: |  1  2  3 |
---------------+----------+-----
Spellcasting   | 5 |  5.0
Invocations    | 1 |  1.0
Short Blades   | 1 |  1.0
Long Blades    | 1 |  1.0
Axes           | 1 |  1.0
Polearms       | 1 |  1.0
Staves         | 1 |  1.0
Slings         | 1 |  1.0
Bows           | 1 |  1.0
Crossbows      | 1 |  1.0
Stealth        | 1 |  1.0
Shields        | 1 |  1.0
Unarmed Combat | 1 |  1.0
Evocations     | 1 |  1.0
Fighting       | |  4.6
Maces & Flails | |  4.6
Throwing       | |  2.6
Armour         | |  2.6
Dodging        | |  4.6
Conjurations   | |  0.7
Hexes          | |  0.7
Summonings     | |  0.7
Necromancy     | |  0.7
Translocations | |  5.4
Transmutations | |  0.7
Fire Magic     | |  0.7
Ice Magic      | |  0.7
Air Magic      | |  0.7
Earth Magic    | |  0.7
Poison Magic   | |  0.7

Action                   || total
-------------------------++-------
Melee: Mace              ||    93
       Bite              ||     6
Throw: Stone             ||     8
 Stab: Sleeping          ||     1
Armor: Leather armour    ||    19
Dodge: Dodged            ||    68
Block: Buckler           ||     2
